 Dungeon Crawl Stone Soup version 0.30-a0-457-g4b7bca3bfa (webtiles) character file.

Game seed: 3944020207566606788

85 kiwi3s the Cutter (level 4, 0/58 HPs)
             Began as a Minotaur Berserker on Dec 12, 2022.
             Was a Believer of Trog.
             Killed by nerve-wracking pain
             ... invoked by an orc priest
              (3 damage)
             ... on level 3 of the Dungeon.
             The game lasted 00:01:56 (2130 turns).

kiwi3s the Cutter (Minotaur Berserker)              Turns: 2130, Time: 00:01:57

Health: 0/58       AC:  3    Str: 23    XL:     4   Next: 25%
Magic:  3/3        EV: 12    Int:  4    God:    Trog [**....]
Gold:   170        SH:  0    Dex: 10    Spells: 3/3 levels left

rFire   . . .      SeeInvis .    a - +0 short sword
rCold   . . .      Faith    .    (no shield)
rNeg    . . .      Spirit   .    b - +0 animal skin
rPois   .          Reflect  .    (helmet restricted)
rElec   .          Harm     .    i - +0 cloak
rCorr   .          Rampage  .    (no gloves)
Will    .....                    (no boots)
Stlth   ..........               (no amulet)
HPRegen 0.29/turn                (no ring)
MPRegen 0.08/turn                (no ring)

@: berserking (expiring), very quick
A: horns 2, retaliatory headbutt
a: Renounce Religion, Berserk, Trog's Hand


You were on level 3 of the Dungeon.
You worshipped Trog.
Trog was pleased with you.
You visited 1 branch of the dungeon, and saw 3 of its levels.

You collected 170 gold pieces.

Inventory:

Hand Weapons
 a - a +0 short sword (weapon)
Armour
 b - a +0 animal skin (worn)
 c - a +0 tower shield
 i - a +0 cloak (worn)
Jewellery
 g - a +6 ring of intelligence
Scrolls
 d - 2 scrolls of immolation {unknown}
 e - 2 scrolls of enchant weapon {unknown}
 f - a scroll of fear {unknown}
 h - a scroll of enchant armour {unknown}
 n - a scroll of teleportation {unknown}
 p - a scroll of identify {unknown}
Potions
 j - 2 potions of flight {unknown}
 k - a potion of curing {unknown}
 l - a potion of degeneration {unknown}
 m - a potion of attraction {unknown}
 o - a potion of heal wounds {unknown}


   Skills:
 - Level 3.6 Fighting
 + Level 5.6 Short Blades
 - Level 2.4 Armour
 - Level 2.1 Dodging


You had 3 spell levels left.
You didn't know any spells.
Your spell library was empty.

Dungeon Overview and Level Annotations

Branches:
Dungeon (3/15)

Altars:


Innate Abilities, Weirdness & Mutations

You have a pair of horns on your head.
You reflexively headbutt those who attack you in melee.


Message History

You kill the orc!
Trog accepts your kill.
You are too injured to fight recklessly!
The orc priest closely misses you. Terence hits you with a +0 short sword.
* * * LOW HITPOINT WARNING * * *
You see here a +0 hand axe of freezing.
Unknown command.
You feel a strong urge to attack something.
Terence says, "Rest in peace."
Terence hits you with a +0 short sword.
* * * LOW HITPOINT WARNING * * *
You puncture the rat!
You kill the rat!
Trog accepts your kill. Terence hits you with a +0 short sword.
* * * LOW HITPOINT WARNING * * *
Unknown command.
You hit Terence. Your headbutt misses Terence.
Terence is lightly wounded.
An adder comes into view.
The adder hisses angrily.
You hit Terence. You punch Terence.
Terence is severely wounded.
The orc priest hits you but does no damage.
Terence closely misses you.
Unknown command.
You puncture Terence!
You kill Terence!
Trog accepts your kill.
You have reached level 4!
You feel agile.
You barely miss the orc priest. The orc priest closely misses you.
Unknown command.
You closely miss the orc priest.
Unknown command.
You hit the orc priest. Your headbutt misses the orc priest.
The orc priest is moderately wounded.
The orc priest invokes the aid of Beogh against you.
Pain shoots through your body!
You die...

.... .... ... # #S#
.# # ###?#####.# #
#.........# ####
#.........# ...###
#..@o.....## .....#
#...)).....# ##.#.#
#.....)....# ##.#.#
###.######..#
##.#.######### #.#
.. ##.#.........#
#.# ##...........#
#.#
###..........###.##
#.....##.######...#


You could see an orc priest and an adder.

Vanquished Creatures
  Terence (D:3)
  An adder (D:2)
  A worm (D:2)
  4 dart slugs
  2 orcs (D:3)
  4 ball pythons
  3 endoplasms
  2 giant cockroaches
  4 hobgoblins
  2 quokkas
  2 bats (D:2)
  A frilled lizard (D:3)
  4 goblins (D:2)
  4 kobolds
  4 rats
39 creatures vanquished.

Notes
Turn   | Place    | Note
-------+----------+-------------------------------------------
     0 | D:1      | kiwi3s the Minotaur Berserker began the quest for the Orb.
     0 | D:1      | Reached XP level 1. HP: 19/19 MP: 0/0
   388 | D:1      | Reached skill level 4 in Short Blades
   388 | D:1      | Reached XP level 2. HP: 25/26 MP: 1/1
   920 | D:2      | Found a faded altar of an unknown god.
  1065 | D:2      | Reached ** piety under Trog
  1066 | D:2      | Reached XP level 3. HP: 31/31 MP: 2/2
  1524 | D:2      | Reached skill level 5 in Short Blades
  2109 | D:3      | Noticed Terence
  2124 | D:3      | HP: 1/46 [Terence/+0 short sword (3)]
  2127 | D:3      | Killed Terence
  2128 | D:3      | Reached XP level 4. HP: 2/39 MP: 3/3
  2130 | D:3      | Killed from afar by an orc priest

Illustrated notes

Levels and vault maps discovered:
D:1:      roderic_dead_forest, layout_loops_corners
D:2:      layout_loops_ring, hellmonk_ecumenical_altar_crossroads,
          serial_bayou_lagoon_a
D:3:      layout_basic, minmay_liquid_box, minmay_randomly_rotated_circles,
          uniq_terence

Skill      XL: |  1  2  3 |
---------------+----------+-----
Short Blades   | 4 5 |  5.6
Fighting       | |  3.6
Armour         | |  2.4
Dodging        | |  2.1

Action                   |  1- 3 |  4- 6 || total
-------------------------+-------+-------++-------
Melee: Short sword       |    98 |     3 ||   101
       Headbutt          |    22 |       ||    22
       Punch             |     1 |       ||     1
Invok: Berserk           |     1 |       ||     1
 Stab: Sleeping          |     2 |       ||     2
Armor: Animal skin       |    18 |       ||    18
Dodge: Dodged            |    58 |     1 ||    59

Table legend: (Time is in decaauts)
 A = Elapsed time spent in this place.
 B = Non-inter-level travel time spent in this place.
 C = Inter-level travel time spent in this place.
 D = Time resting spent in this place.
 E = Time spent auto-exploring this place.
 F = Levels seen in this place.
 G = Mean time per level.
                   A        B        C        D        E       F      G
               +--------+--------+--------+--------+--------+-----+--------+
         Total |   2106 |   1991 |    115 |      0 |   1775 |   3 |  702.0 |
       Dungeon |   2106 |   1991 |    115 |      0 |   1775 |   3 |  702.0 |
               +--------+--------+--------+--------+--------+-----+--------+

Top non-repeatable levels by time:
     D:1: 913 daAuts
     D:2: 786 daAuts
     D:3: 407 daAuts
